 Dungeon Crawl Stone Soup version 0.22.1-1-ga44c0e56f4 (webtiles) character file.

42 Revguard the Ruffian (level 3, -7/54 HPs)
             Began as a Troll Berserker on Nov 5, 2018.
             Was a Follower of Trog.
             Mangled by a gnoll
             ... wielding a +0 spear of chaos
              (10 damage)
             ... on level 2 of the Dungeon.
             The game lasted 00:03:04 (711 turns).

Revguard the Ruffian (Troll Berserker)               Turns: 711, Time: 00:03:05

Health: -7/54      AC:  6    Str: 30    XL:     3   Next: 35%
Magic:  2/2        EV: 10    Int:  3    God:    Trog [*.....]
Gold:   86         SH:  0    Dex: 10    Spells: 2/2 levels left

rFire    . . .     SeeInvis .     - Unarmed
rCold    . . .     Gourm    +   (no shield)
rNeg     . . .     Faith    .   a - +0 animal skin
rPois    .         Spirit   .   (helmet restricted)
rElec    .         Reflect  .   g - +0 cloak
rCorr    .         Harm     .   (gloves unavailable)
MR       .....                  (boots unavailable)
Stlth    ..........             (no amulet)
HPRegen  0.58/turn              (no ring)
MPRegen  0.08/turn              (no ring)

@: berserking, lethally poisoned (-7 -> -9), drained, very quick
A: large, unfitting armour, claws 3, fast metabolism 3, gourmand, regeneration
1, shaggy fur 1, tough skin 2
a: Berserk, Renounce Religion


You were on level 2 of the Dungeon.
You worshipped Trog.
Trog was aware of your devotion.
You were not hungry.

You visited 1 branch of the dungeon, and saw 2 of its levels.

You collected 86 gold pieces.

Inventory:

Armour
 a - a +0 animal skin (worn)
 g - a +0 cloak (worn)
Scrolls
 c - a scroll of noise {unknown}
 e - a scroll of immolation {unknown}
 f - 3 scrolls of identify {unknown}
 i - a scroll of remove curse {unknown}
Potions
 d - a potion of magic {unknown}
 h - 2 potions of heal wounds {unknown}
Comestibles
 b - 6 rations


   Skills:
 + Level 2.8(2.6) Fighting
 + Level 2.9(2.7) Dodging
 + Level 3.6(3.4) Unarmed Combat


You had 2 spell levels left.
You didn't know any spells.
Your spell library was empty.

Dungeon Overview and Level Annotations

Branches:
Dungeon (2/15)

Altars:


Innate Abilities, Weirdness & Mutations

You are too large for most types of armour.
You have claws for hands.
Your metabolism is lightning-fast.
You like to eat raw meat.
Your natural rate of healing is unusually fast.
You are covered in fur. (AC +1)
You have very tough skin. (AC +2)


Message History

Increase (S)trength, (I)ntelligence, or (D)exterity?
You feel agile.
You feel stronger.
You feel sick. The gnoll hits you but does no damage.
You feel sick. The gnoll hits you but does no damage.
You barely miss the gnoll.
The gnoll hits you with a spear of chaos.
* * * LOW HITPOINT WARNING * * *
You feel drained.
* * * LOW HITPOINT WARNING * * *
You barely miss the gnoll.
You feel sick. The gnoll barely misses you.
You claw the gnoll!
The gnoll is severely wounded.
You feel sick. The gnoll hits you but does no damage.
You scratch the gnoll.
You kill the gnoll!
Trog accepts your kill. The gnoll barely misses you.
You feel sick.
The gnoll hits you with a spear of chaos!
You die...

###.#.#.#.### ##### ..#.#.
#.........).######...##.###.#
###
#.#.#.#.#.#..........#..#.#.$
#.#
#.#.#.#.#.########...#.≈≈.##.
#.###.#########
####.....#.≈.≈≈ ......# ...
#.....##..≈#.≈. #..#####.#.
##.##...###.#... #..# #.#.#
####..##.#.##≈≈.##?
#..#####.#.####.@g.###)#.#
####.⌠ ##.............)####
#.#.# ≈≈≈.. .....)#.##..#####
#...## ##.≈.
##.#....###.##########....##
##≈
##.##.......).......#<.....##
⌠
...####.....................#
##.)..#.###.######..........#
...##...##.... ##...#.....#
#...##...#....# #....#....<#


You could see a gnoll.

Vanquished Creatures
  2 gnolls (D:2)
  A dart slug (D:1)
  2 bats (D:1)
  A goblin (D:1)
  3 hobgoblins
  2 jackals (D:1)
  A ball python (D:2)
  A frilled lizard (D:1)
  6 kobolds
  4 rats
23 creatures vanquished.

Vanquished Creatures (others)
  A rat (D:2)
1 creature vanquished.

Grand Total: 24 creatures vanquished

Notes
Turn   | Place    | Note
-------+----------+-------------------------------------------
     0 | D:1      | Revguard the Troll Berserker began the quest for the Orb.
     0 | D:1      | Reached XP level 1. HP: 22/22 MP: 0/0
   104 | D:1      | Reached XP level 2. HP: 29/29 MP: 1/1
   705 | D:2      | Reached XP level 3. HP: 11/36 MP: 2/2
   711 | D:2      | Mangled by a gnoll

Action                   || total
-------------------------++-------
Melee: Unarmed           ||    63
       Punch             ||     1
Invok: Berserk           ||     1
  Eat: Chunk             ||     6
Armor: Animal skin       ||    27
Dodge: Dodged            ||    49
